 Dungeon Crawl Stone Soup version 0.32-a0-43-g058985b245 (webtiles) character file.

Game seed: 2581454765900361355

54 timneilson the Changeling (level 3, -2/24 HPs)
             Began as an Octopode Shapeshifter on Feb 4, 2024.
             Slain by a gnoll
             ... wielding a +0 spear
              (5 damage)
             ... on level 2 of the Dungeon.
             The game lasted 00:01:42 (1175 turns).

timneilson the Changeling (Octopode Shapeshifter)   Turns: 1175, Time: 00:01:43

Health: -2/24      AC:  1    Str: 15    XL:     3   Next: 91%
Magic:  3/3        EV: 13    Int: 12    God:
Gold:   119        SH:  0    Dex: 11    Spells: 2/2 levels left

rFire   . .          .
                       - Unarmed
rCold   . . .        (no shield)
rNeg    . . .        (helmet currently unavailable)
rPois   .            (no amulet)
rElec   .            (no ring)
rCorr   .            (no ring)
SInv    .            (no ring)
Will    .....        (no ring)
Stlth   +++          (no ring)
HPRegen 0.24/turn    (no ring)
MPRegen 0.08/turn    (no ring)
                     (no ring)

%: no passive effects
@: beast-form, hasted, very quick
A: beast (slay +1), almost no armour, amphibious, 8 rings, camouflage 1,
gelatinous body 1, (nimble swimmer 1), tentacles
a: Begin Untransformation


You were on level 2 of the Dungeon.
You were a hulking beast.
You visited 1 branch of the dungeon, and saw 2 of its levels.

You collected 119 gold pieces.

Inventory:

Missiles
 g - 4 poisoned darts (quivered)
Talismans
 b - a beast talisman
 c - a flux talisman
Scrolls
 d - 3 scrolls of identify
 f - a scroll of noise {unknown}
Potions
 a - a potion of lignification


   Skills:
 * Level 1.8 Fighting
 * Level 2.5 Dodging
 + Level 1.3 Stealth
 * Level 3.4 Unarmed Combat
 * Level 3.4 Shapeshifting


You had 2 spell levels left.
You didn't know any spells.
Your spell library contained the following spells:

 Spells                   Type           Power      Damage    Failure   Level
 Manifold Assault         Tloc           0%         N/A       97%         4
 Dispersal                Tloc           0%         N/A       100%        6
 Disjunction              Tloc           0%         N/A       100%        8


Dungeon Overview and Level Annotations

Branches:
Dungeon (2/15)

Altars:


Innate Abilities, Weirdness & Mutations

You are a hulking beast.
Your limbs bulge with bestial killing power. (Slay +1)
You cannot wear most types of armour.
You are amphibious.
You can wear up to eight rings at the same time.
Your skin changes colour to match your surroundings (Stealth+).
Your rubbery body absorbs attacks. (AC +1, EV +1)
((You are camouflaged when in or above water. (Stealth+)))
You have tentacles for arms and can constrict up to eight enemies at once.


Message History

No target in view!
No target in view!
HP restored.
You see here a bat corpse.
You open the door. You open the door.
There is an open door here.
You open the door.
A rat comes into view.
Found 8 stones.
The rat squeaks loudly.
There is an open door here.
Found a stone staircase leading down.
The rat closely misses you.
You tentacle-slap the rat but do no damage.
Your grab misses the rat. The rat barely misses you.
You bludgeon the rat!
You kill the rat!
You see here a rat corpse.
You see here 8 stones.
Found a cloak.
You see here a +0 cloak.
You open the door.
The gnoll shouts! x2
There is an open door here.
You see here a +0 cloak.
You tentacle-slap the gnoll. You grab the gnoll.
The gnoll is moderately wounded.
You constrict the gnoll, but do no damage.
The gnoll hits you with a +0 flail!
You tentacle-slap the gnoll.
The gnoll is severely wounded.
You constrict the gnoll. The gnoll hits you with a +0 flail!
* * * LOW HITPOINT WARNING * * *
You tentacle-slap the gnoll. x2
You kill the gnoll!
The gnoll hits you from afar with a +0 spear.
* * * LOW HITPOINT WARNING * * *
You feel yourself speed up.
The gnoll hits you from afar with a +0 spear.
You die...

#.#.#... #.#.#...
#.#.#..† #+#
#.#.#...
#.#########.#.#...
#.........#.#....#
#>....(†..'.......
#.........#.####.#
#h#########.####.#
#)# #......# #g#
########
.........#
.........#
.gg......#
.........#
........$###
######.....#


You could see a gnoll.

Vanquished Creatures
  A gnoll (D:2)
  An adder (D:2)
  A dart slug (D:1)
  4 bats
  2 endoplasms (D:1)
  2 giant cockroaches
  8 goblins (D:1)
  3 hobgoblins (D:1)
  A quokka (D:2)
  4 ball pythons
  5 rats
32 creatures vanquished.

Notes
Turn   | Place    | Note
-------+----------+-------------------------------------------
     0 | D:1      | timneilson the Octopode Shapeshifter began the quest for
                  | the Orb.
     0 | D:1      | Reached XP level 1. HP: 13/13 MP: 1/1
   385 | D:1      | Reached XP level 2. HP: 14/18 MP: 2/2
   616 | D:1      | Reached XP level 3. HP: 23/23 MP: 3/3
   693 | D:1      | Reached skill level 1 in Stealth
  1175 | D:2      | Slain by a gnoll

Illustrated notes

Levels and vault maps discovered:
D:1:      erik_arrival_triangle_small, layout_basic
D:2:      layout_basic

Skill      XL: |  1  2  3 |
---------------+----------+-----
Stealth        | 1 |  1.3
Fighting       | |  1.8
Dodging        | |  2.5
Unarmed Combat | |  3.4
Shapeshifting  | |  3.4

Action                     || total
---------------------------++-------
  Melee: Unarmed           ||    60
         Tentacles         ||    15
         Constrict         ||    18
         Punch             ||     2
    Use: Scroll            ||     2
         Potion            ||     1
   Stab: Sleeping          ||     4
         Distracted        ||     1
 Armour: Skin              ||    28
  Dodge: Dodged            ||    43

Table legend: (Time is in decaauts)
 A = Elapsed time spent in this place.
 B = Non-inter-level travel time spent in this place.
 C = Inter-level travel time spent in this place.
 D = Time resting spent in this place.
 E = Time spent auto-exploring this place.
 F = Levels seen in this place.
 G = Mean time per level.
                   A        B        C        D        E       F      G
               +--------+--------+--------+--------+--------+-----+--------+
         Total |   1171 |   1104 |     67 |      0 |    848 |   2 |  585.5 |
       Dungeon |   1171 |   1104 |     67 |      0 |    848 |   2 |  585.5 |
               +--------+--------+--------+--------+--------+-----+--------+

Top non-repeatable levels by time:
     D:1: 741 daAuts
     D:2: 429 daAuts
